← All builds
Front / Armada / Economy first / OBSERVED BUILD

Standard front

Standard economy-first Front play: Bot Lab and Vehicle Plant almost immediately, Advanced Metal Extractor around 9 minutes, with a mixed T1 army of Blitz, Rocketeer, Pawn and Janus sent to hold the wider gap and then middle.

#eco · 973 distinct matches · 130 players · 74% of Armada Front games · team won 63% of 1106 · Recently observed

HOW TO PLAY IT

Key timing: Vehicle Plant by 0:47

  1. Open 3 mex then Bot Lab and Vehicle Plant almost together.
  2. Layer wind while both labs start producing.
  3. Send early units to coast first to stop leaks, not middle.
  4. Add Construction Turrets as "Blitz", "Rocketeer", "Janus" mix builds up.
  5. Transition into Advanced Metal Extractor once T2 con is out.

Phase by phase

TYPICAL OF ITS 973 GAMES
  1. 1
  2. 2
  3. 3
PLAY THE OPENING

Follow the example game's first 6:00 step by step: what to build now, what comes next, and where it goes. At 1× it keeps pace with your own game.

  1. 1

    Up to the Bot Lab

    Economy
    • Metal Extractor2Mex
    • Wind Turbine1Wind
    Order
    1. Bot LabBot Lab after 3 mex, 1 winddone ~0:45, middle half 0:35–8:46

    Some games also: Vehicle Plant (42%)

    By 0:28 in all: 2 mex · 1 wind

    The example game in this phase · 67 steps
    1. Mex ×2
    2. Wind ×2
    3. Vehicle PlantVehicle Plantdone 0:48 · typical 0:47
    4. RoverScout ×4
    5. BlitzBlitz
    6. Construction VehicleCon vehicle
    7. JanusJanus
    8. Mex
    9. Construction VehicleCon vehicle
    10. JanusJanus
    11. Mex ×2
    12. Construction VehicleCon vehicle
    13. Mex
    14. JanusJanus
    15. SentrySentry ×2
    16. Construction VehicleCon vehicle
    17. JanusJanus
    18. SentrySentry
    19. JanusJanus
    20. Wind
    21. SentrySentry
    22. JanusJanus
    23. Wind
    24. SentrySentry
    25. WhistlerMissile truck
    26. Con turret
    27. StoutStout
    28. Mex
    29. Con turret
    30. StoutStout
    31. Wind ×2
    32. BlitzBlitz
    33. Wind
    34. BlitzBlitz
    35. Wind
    36. BlitzBlitz
    37. Wind
    38. BlitzBlitz
    39. Wind
    40. BlitzBlitz
    41. Wind
    42. BeamerBeamer
    43. Mex
    44. BlitzBlitz
    45. Wind
    46. Con turret
    47. BlitzBlitz
    48. Radar TowerRadar Tower
    49. Con turret
    50. Wind
    51. BlitzBlitz
    52. Wind
    53. BlitzBlitz
    54. Wind
    55. BeamerBeamer
    56. BlitzBlitz
    57. Wind
    58. BlitzBlitz
    59. Wind
    60. Con turret
    61. Wind
    62. BlitzBlitz
    63. Energy storage ×2
    64. Mex
    65. BeamerBeamer
    66. Wind
    67. Bot LabBot Labdone 8:13 · typical 0:45
  2. 2

    Bot Lab to 5:00

    Economy
    • Metal Extractor4Mex
    • Wind Turbine3Wind
    Army
    • Sentry1 Sentry

    Some games also: rocketeer (45%) · con bot (44%) · Lazarus (43%) · tick (40%) · centurion (36%)

    By 5:00 in all: 6 mex · 7 wind

  3. 3

    5:00 to 10:00

    Economy
    • Metal Extractor1Mex
    • Wind Turbine14Wind
    Builders
    • Construction Turret2 Con turret
    Army
    • Sentry1 Sentry

    Some games also: energy storage (46%) · blitz (39%) · rocketeer (38%) · pawn (35%) · Lazarus (35%)

    By 10:00 in all: 7 mex · 25 wind · 1 energy storage · 3 con turret

    The example game in this phase · 121 steps
    1. Wind
    2. SentrySentry
    3. LazarusLazarus
    4. Wind
    5. Dragon's TeethDragon's Teeth
    6. LazarusLazarus
    7. Dragon's TeethDragon's Teeth ×2
    8. Wind
    9. Dragon's TeethDragon's Teeth ×6
    10. Wind
    11. Dragon's TeethDragon's Teeth
    12. LazarusLazarus
    13. Wind
    14. Dragon's TeethDragon's Teeth ×4
    15. LazarusLazarus
    16. Wind
    17. Converter ×2
    18. Wind ×2
    19. Converter
    20. Wind
    21. Converter
    22. Dragon's TeethDragon's Teeth
    23. Metal storage
    24. Dragon's TeethDragon's Teeth ×2
    25. Converter
    26. Wind
    27. Dragon's TeethDragon's Teeth
    28. Converter
    29. GauntletGauntletdone 10:09
    30. Wind
    31. Converter
    32. Wind
    33. Advanced Metal ExtractorT2 mexdone 10:37 · typical 8:53
    34. Wind
    35. Converter
    36. Dragon's TeethDragon's Teeth ×2
    37. Advanced Metal ExtractorT2 mex
    38. Dragon's TeethDragon's Teeth ×6
    39. Converter
    40. Wind ×2
    41. Converter
    42. Advanced Metal ExtractorT2 mex
    43. Wind ×2
    44. Converter
    45. Dragon's TeethDragon's Teeth ×3
    46. Wind
    47. AgitatorAgitatordone 11:40
    48. Dragon's TeethDragon's Teeth
    49. Wind
    50. Dragon's TeethDragon's Teeth
    51. Wind
    52. Advanced Metal ExtractorT2 mex
    53. Dragon's TeethDragon's Teeth
    54. Wind
    55. Dragon's TeethDragon's Teeth
    56. Wind
    57. Dragon's TeethDragon's Teeth
    58. Wind ×2
    59. Bot LabBot Labdone 12:33
    60. Con turret
    61. LazarusLazarus
    62. Con turret
    63. Wind
    64. LazarusLazarus
    65. PawnPawn
    66. Wind
    67. PawnPawn
    68. Wind
    69. PawnPawn
    70. Wind
    71. Advanced solar
    72. PawnPawn
    73. Wind
    74. PawnPawn
    75. Wind
    76. PawnPawn
    77. Advanced Metal ExtractorT2 mex
    78. Wind
    79. TickTick
    80. Metal storage
    81. TickTick
    82. Wind
    83. TickTick ×2
    84. Wind
    85. TickTick ×2
    86. Wind
    87. TickTick
    88. Wind
    89. TickTick
    90. Wind
    91. TickTick ×2
    92. Wind
    93. TickTick ×3
    94. Wind
    95. TickTick ×4
    96. Wind
    97. TickTick ×2
    98. Wind
    99. TickTick
    100. Vehicle PlantVehicle Plantdone 14:28
    101. Wind
    102. TickTick
    103. Con turret
    104. TickTick
    105. StoutStout
    106. CenturionCenturion
    107. PawnPawn
    108. Con turret
    109. PawnPawn
    110. Wind
    111. PawnPawn
    112. StoutStout
    113. PawnPawn
    114. Wind
    115. PawnPawn
    116. StoutStout
    117. Wind
    118. PawnPawn
    119. StoutStout
    120. Advanced solar
    121. PawnPawn

Counts are medians over the build's games: half of them build more, half fewer. The example game is Fakepilot's (35 OS, 26/09/2026); pick another.

Team trades

IN AT LEAST 30% OF ITS GAMES

You hand over

Nothing regular.

You get

  • Tidal Generator4 Tidal from Pondfirst at 0:18 · in 69% of games
  • Advanced Construction Bot1 T2 con bot from Geo or Techfirst at 7:17 · in 67% of games

How it plays out

Typical game of this build, running totals by minute

Metal produced

010k20k30k
0:005:0010:0015:00

metal

Enemy metal destroyed

05k10k
0:005:0010:0015:00

metal

Own metal lost

05k10k
0:005:0010:0015:00

metal

1106 games.

Show as table
ByMetal produced: This buildEnemy metal destroyed: This buildOwn metal lost: This build
1:0033300
2:008452131
3:001625141105
4:002713541333
5:0038681197816
6:00507821211524
7:00633930122448
8:00766738773357
9:00911846694311
10:001069653425050
11:001264758395699
12:001486663976527
13:001746370137244
14:002018476298090
15:002267783978941
WHAT THE NUMBERS SAY

Standard Front play wins more often than suicide front and produces more metal by 15:00, reflecting its safer positioning.

  • + Metal produced reaches 22219 by 15:00, above suicide front's 19882
  • + Own losses of 8949 stay under enemy metal destroyed's near-equal 8347
  • − First unit lost by 1:44 shows exposure even from the safer side
  • − Wider gap to defend demands disciplined coast-then-mid unit movement
THE EXAMPLE YOU ARE READING

Fakepilot

35.2 OS · 26/09/2026

Open source match ↗

5 received units · includes a constructor
87 metal received · 31523 energy received

Allied construction assistance is unknown. Timings are observations, not a promise of solo reproducibility.

Typical milestones

Bot Lab0:45Middle 50%: 0:35–8:46 · n=695
Vehicle Plant0:47Middle 50%: 0:37–0:57 · n=789
Advanced Metal Extractor8:53Middle 50%: 8:01–10:02 · n=884

Played most by

Hummell97games of this buildhaaven93games of this buildLeohvm79games of this buildXad63games of this buildImmort38games of this build